Map: [ESL] Altitude

Players

Ukko

  • Race: Zerg Zerg
  • Spawn Location: 7:00

Nina - Winner!

  • Race: Protoss Protoss
  • Spawn Location: 1:00

Event: ESL SC2 Masters 2023 Summer (Regionals)

VOD

Have the link to the VOD?

Description

Time

  • Played on: May 10, 2023, 3:50 p.m.
  • Length: 65:19

All games in this series

Show
View Real Time Build Order
Export as new Build Order

Ukko Zerg 

Build Orders: Hatch First, Lurkers 

Get SALT Encoding   

  12  0:00  Drone  
  13  0:12  Overlord  
  13  0:17  Drone  
  14  0:30  Drone  
  15  0:45  Hatchery  
  15  0:48  Drone  
  15  0:52  Drone  
  15  0:56  Drone  
  17  1:11  Spawning Pool  
  17  1:15  Extractor, Drone  
  16  1:20  Drone  
  16  1:23  Drone  
  18  1:31  Drone  
  19  1:44  Drone  
  20  1:58  Queen x2, Zergling x4  
  26  2:05  Overlord  
  26  2:09  Drone  
  26  2:14  Drone  
  28  2:19  Metabolic Boost  
  28  2:24  Drone  
  28  2:25  Drone  
  28  2:29  Drone  
  31  2:36  Drone  
  32  2:47  Hatchery  
  32  2:51  Queen  
  33  2:55  Overlord  
  33  2:58  Drone  
  34  3:00  Drone  
  34  3:02  Drone  
  35  3:07  Overlord  
  35  3:13  Queen  
  35  3:15  Drone  
  35  3:18  Drone x2  
  40  3:23  Drone x2  
  42  3:28  Queen  
  42  3:33  Spore Crawler  
  43  3:34  Drone  
  43  3:35  Drone  
  43  3:37  Drone  
  43  3:40  Zergling x4  
  48  3:42  Zergling x2  
  49  3:48  Drone  
  49  3:51  Overlord  
  50  3:56  Overlord  
  50  3:59  Drone  
  50  4:00  Roach Warren  
  50  4:02  Drone x2  
  53  4:03  Drone x2  
  53  4:04  Evolution Chamber  
  54  4:11  Drone x2  
  56  4:20  Queen, Spore Crawler  
  56  4:22  Drone x3  
  60  4:28  Drone x3  
  60  4:31  Zerg Melee Weapons Level 1  
  63  4:38  Overlord x2  
  63  4:39  Drone x3  
  63  4:44  Drone x3  
  69  4:46  Spore Crawler  
  69  4:47  Drone  
  69  4:50  Overlord  
  69  4:52  Zergling x2  
  70  4:54  Zergling x4  
  70  4:56  Drone  
  73  5:04  Hatchery  
  72  5:12  Lair  
  72  5:13  Drone x5  
  72  5:14  Drone  
  78  5:18  Drone x3  
  81  5:23  Drone x3  
  81  5:26  Roach Warren  
  81  5:28  Extractor  
  82  5:29  Extractor  
  82  5:31  Drone x4  
  82  5:32  Overlord  
  82  5:34  Drone  
  86  5:39  Extractor  
  86  5:42  Zergling x2  
  86  5:44  Zergling x4  
  86  5:45  Hatchery  
  86  5:48  Zergling x6  
  90  6:02  Overlord x6  
  90  6:10  Zergling x4  
  90  6:11  Glial Reconstitution  
  89  6:17  Zergling x12  
  95  6:19  Zergling x2  
  96  6:26  Zerg Melee Weapons Level 2  
  96  6:30  Infestation Pit  
  95  6:35  Zergling x22  
  104  6:41  Drone x4  
  104  6:45  Spore Crawler  
  107  6:48  Drone x4  
  107  6:53  Drone x2  
  108  7:02  Drone x2  
  108  7:03  Hydralisk Den  
  106  7:09  Drone, Hive  
  106  7:10  Drone x8  
  106  7:12  Extractor x2  
  113  7:19  Drone x3  
  116  7:27  Zergling x24  
  125  7:35  Muscular Augments  
  125  7:37  Lurker Den  
  125  7:38  Evolution Chamber  
  123  7:45  Overlord x2  
  123  7:46  Overlord  
  123  7:47  Roach x7  
  123  7:49  Roach  
  139  7:53  Hatchery  
  139  7:58  Drone x2  
  139  7:59  Extractor, Drone  
  139  8:00  Extractor  
  139  8:03  Overseer  
  139  8:05  Drone x3  
  142  8:06  Drone x3  
  142  8:08  Roach x7  
  142  8:10  Zerg Missile Weapons Level 1  
  142  8:12  Roach  
  160  8:20  Overlord  
  160  8:21  Overlord  
  160  8:24  Hydralisk x6  
  160  8:26  Hydralisk  
  174  8:28  Overlord  
  174  8:49  Adrenal Glands, Seismic Spines  
  174  8:52  Lurker x3  
  177  8:58  Lurker  
  177  8:59  Zergling x40  
  197  9:07  Lurker x2  
  198  9:30  Spire, Ultralisk Cavern  
  195  9:41  Drone x5  
  195  9:45  Zerg Melee Weapons Level 3  
  200  9:57  Adaptive Talons  
  182  10:18  Chitinous Plating  
  182  10:19  Ultralisk x3  
  175  10:22  Extractor, Spine Crawler  
  175  10:23  Extractor, Spine Crawler  
  175  10:24  Spine Crawler  
  175  10:25  Spine Crawler  
  175  10:26  Spine Crawler x2  
  163  10:31  Drone x3  
  163  10:32  Drone x3  
  168  10:39  Ultralisk x2, Zergling x6  
  168  10:40  Zergling x28  
  168  10:42  Zerg Flyer Weapons Level 1  
  190  10:51  Overlord x6  
  190  10:54  Zerg Missile Weapons Level 2  
  186  11:10  Ultralisk x2  
  198  11:12  Zergling x2  
  199  11:29  Spine Crawler  
  199  11:30  Spine Crawler x3  
  199  11:31  Spore Crawler, Spine Crawler x2  
  181  11:39  Zergling x14  
  178  11:40  Zergling x54  
  178  11:41  Hatchery  
  178  11:42  Overseer  
  184  11:48  Viper  
  184  11:49  Anabolic Synthesis  
  184  11:50  Viper  
  184  11:53  Pathogen Glands  
  184  12:09  Corruptor x6  
  196  12:22  Zerg Ground Armor Level 1  
  196  12:23  Corruptor x2  
  199  12:54  Zerg Flyer Armor Level 1  
  198  13:15  Zerg Missile Weapons Level 3  
  198  13:39  Corruptor x4  
  193  13:47  Infestor x5  
  187  13:48  Corruptor x6  
  187  13:49  Corruptor  
  187  13:55  Pneumatized Carapace  
  197  13:56  Overseer x2  
  197  13:57  Overseer  
  197  13:58  Overseer  
  197  14:01  Spine Crawler x2  
  191  14:06  Infestor  
  191  14:09  Ultralisk  
  198  14:10  Zergling x4  
  197  14:35  Zergling x6  
  200  14:48  Zerg Flyer Weapons Level 2  
  197  14:59  Drone x4, Spore Crawler  
  200  15:00  Spine Crawler  
  200  15:01  Spine Crawler  
  200  15:05  Spore Crawler  
  197  15:14  Zerg Ground Armor Level 2  
  157  15:29  Corruptor x2  
  157  15:34  Zergling x32  
  157  15:35  Zergling x44  
  180  15:42  Ultralisk  
  180  15:43  Ultralisk x2  
  180  15:47  Ultralisk x4  
  182  15:51  Hydralisk x2  
  182  15:55  Hydralisk  
  186  16:00  Hydralisk x4  
  191  16:07  Hydralisk x4  
  199  16:20  Drone  
  199  16:23  Spine Crawler  
  199  16:24  Spine Crawler  
  199  16:25  Spine Crawler  
  197  16:26  Drone x4, Spore Crawler  
  197  16:27  Spine Crawler  
  177  16:41  Overseer x2  
  177  16:42  Overseer  
  177  16:45  Corruptor x8  
  189  16:52  Lurker x6  
  189  16:53  Lurker  
  196  16:54  Lurker  
  196  16:56  Lurker  
  196  16:57  Lurker  
  199  17:05  Spore Crawler  
  198  17:21  Zerg Flyer Armor Level 2  
  198  17:29  Corruptor x3  
  184  17:46  Corruptor x8  
  196  17:53  Extractor x2  
  196  17:57  Viper  
  197  18:02  Corruptor  
  199  18:19  Overseer  
  193  18:55  Overseer  
  192  19:00  Hatchery  
  191  19:06  Overlord x3  
  179  19:11  Hydralisk x2, Lurker  
  179  19:12  Hydralisk x2  
  182  19:24  Overlord x2  
  182  19:25  Overlord  
  179  19:46  Lurker x4  
  174  19:56  Hydralisk x7  
  188  20:00  Viper  
  188  20:07  Zerg Ground Armor Level 3  
  191  20:09  Zerg Flyer Weapons Level 3  
  185  20:30  Corruptor x7  
  198  20:35  Lurker  
  198  20:41  Overseer x2  
  199  20:53  Zergling x4  
  199  21:40  Hatchery  
  199  21:42  Overseer  
  199  21:43  Hatchery, Overseer  
  199  21:44  Overseer x2  
  189  22:13  Lurker x6  
  189  22:15  Zergling x8  
  192  22:59  Greater Spire  
  192  23:00  Viper  
  192  23:05  Zergling x22  
  200  23:14  Hatchery  
  191  23:24  Hatchery  
  190  23:28  Hatchery  
  165  24:03  Ultralisk x5  
  181  24:29  Ultralisk x4  
  199  24:36  Hatchery  
  198  24:45  Spore Crawler x2  
  193  24:46  Overseer x2  
  193  24:48  Spore Crawler  
  193  24:49  Infestor x4  
  200  25:02  Overseer x3  
  200  25:04  Overlord x3  
  194  25:35  Zergling x44  
  164  25:45  Corruptor x5  
  160  25:55  Hydralisk x3  
  135  26:30  Zergling x2  
  135  26:31  Zergling x22  
  127  26:40  Hatchery  
  120  26:48  Zergling x12  
  104  27:29  Hatchery  
  103  27:37  Extractor  
  99  27:44  Drone x6  
  102  28:17  Hatchery  
  101  28:32  Infestor  
  101  28:33  Zergling x2  
  104  28:43  Zergling x2  
  105  29:16  Infestor  
  107  29:23  Zergling x24  
  111  29:59  Drone x11  
  118  30:00  Drone  
  119  30:16  Zergling x2, Infestor x2  
  124  30:39  Overseer  
  124  30:41  Overseer  
  124  30:42  Drone x8  
  132  30:44  Extractor  
  132  30:45  Extractor, Drone  
  126  31:21  Corruptor  
  126  31:22  Corruptor x2  
  132  31:44  Zergling x48  
  156  32:11  Overseer  
  156  32:12  Corruptor x4  
  160  32:31  Overseer x2  
  160  32:33  Overlord x3  
  160  32:34  Overlord x2  
  148  33:12  Corruptor x2  
  146  33:18  Ultralisk  
  146  33:19  Ultralisk  
  159  33:46  Viper  
  162  34:08  Extractor, Hatchery  
  160  34:15  Ultralisk  
  166  34:18  Zerg Flyer Armor Level 3  
  166  34:27  Drone  
  166  34:28  Drone x2  
  169  34:43  Ultralisk  
  169  34:45  Hatchery  
  174  35:24  Overlord  
  174  35:25  Overseer x3  
  174  35:26  Corruptor x4  
  182  35:43  Ultralisk, Zergling x18  
  197  36:05  Infestor  
  199  36:21  Extractor  
  199  36:22  Extractor  
  197  37:09  Spore Crawler  
  197  37:10  Spore Crawler  
  197  37:12  Drone x4  
  194  37:30  Overseer x2  
  162  37:45  Infestor  
  162  37:50  Hydralisk x7  
  177  37:51  Zergling x14  
  177  37:52  Drone  
  177  37:53  Drone x3  
  177  37:54  Drone x2  
  184  38:20  Lurker x4  
  184  38:21  Lurker x3  
  191  38:29  Lurker x2  
  191  38:31  Zergling x14  
  200  39:15  Extractor  
  200  39:16  Hatchery  
  198  39:18  Extractor  
  191  40:47  Corruptor x7  
  191  40:48  Corruptor x2  
  195  40:53  Ultralisk  
  189  41:03  Ultralisk  
  192  41:11  Corruptor x3  
  198  42:35  Zergling x2  
  195  45:11  Infestor x2  
  196  46:29  Corruptor x3  
  199  46:39  Neural Parasite  
  199  47:26  Viper  
  197  48:04  Viper x2  
  197  48:05  Viper  
  189  48:08  Corruptor x3  
  189  48:09  Corruptor x2  
  189  48:10  Corruptor  
  198  48:21  Corruptor x2  
  193  48:52  Corruptor  
  199  49:18  Brood Lord x2  
  199  49:21  Corruptor  
  190  51:21  Brood Lord  
  190  51:22  Corruptor x3  
  197  52:07  Queen  
  191  54:21  Corruptor  
  191  54:42  Brood Lord  
  191  54:43  Corruptor x2  
  199  54:51  Corruptor  
  193  58:48  Brood Lord x5  
  193  59:27  Overseer  
  185  59:37  Zergling x28  
  199  62:55  Burrow  
  199  63:53  Infestor  
Show
View Real Time Build Order
Export as new Build Order

Nina Protoss - Winner!

Build Orders: 1 Gate Expand, Oracle Opening, Carriers 

Get SALT Encoding   

  12  0:00  Probe  
  13  0:12  Probe  
  14  0:18  Pylon  
  14  0:24  Probe (Chrono Boost)  
  15  0:36  Probe (Chrono Boost)  
  15  0:38  Gateway  
  16  0:45  Probe (Chrono Boost)  
  16  0:47  Assimilator  
  17  0:51  Probe  
  18  1:03  Probe  
  19  1:15  Probe  
  20  1:26  Nexus  
  20  1:35  Cybernetics Core  
  20  1:39  Probe (Chrono Boost)  
  21  1:48  Assimilator  
  21  1:51  Probe (Chrono Boost)  
  22  1:55  Pylon  
  22  2:00  Probe (Chrono Boost)  
  23  2:13  Probe (Chrono Boost), Adept  
  26  2:19  Stargate  
  27  2:24  Probe (Chrono Boost)  
  27  2:28  Warp Gate  
  27  2:29  Probe (Chrono Boost)  
  27  2:38  Probe (Chrono Boost)  
  27  2:43  Adept  
  31  2:44  Probe (Chrono Boost)  
  31  2:50  Probe (Chrono Boost)  
  34  2:58  Probe (Chrono Boost)  
  34  2:59  Probe (Chrono Boost)  
  34  3:01  Gateway  
  34  3:05  Probe  
  34  3:06  Oracle (Chrono Boost)  
  34  3:11  Probe  
  39  3:17  Probe  
  39  3:18  Pylon  
  40  3:23  Probe  
  41  3:29  Probe  
  41  3:33  Oracle (Chrono Boost)  
  42  3:35  Probe  
  46  3:41  Probe  
  46  3:47  Probe, Pylon  
  48  3:53  Probe  
  49  3:59  Probe  
  49  4:02  Nexus  
  50  4:04  Assimilator  
  50  4:09  Probe  
  51  4:11  Oracle, Shield Battery  
  51  4:15  Assimilator  
  54  4:17  Probe  
  54  4:20  Stalker  
  54  4:23  Probe  
  58  4:25  Stalker  
  58  4:31  Pylon  
  60  4:32  Probe  
  60  4:36  Probe  
  62  4:49  Probe x2  
  62  4:50  Twilight Council  
  62  4:52  Stalker x2  
  68  5:01  Probe x2 (Chrono Boost)  
  68  5:03  Forge  
  70  5:08  Pylon  
  70  5:12  Probe x2 (Chrono Boost)  
  72  5:20  Probe (Chrono Boost)  
  73  5:22  Probe (Chrono Boost)  
  73  5:26  Probe (Chrono Boost), Stalker  
  73  5:27  Stalker  
  79  5:32  Probe (Chrono Boost)  
  79  5:33  Blink, Protoss Ground Weapons Level 1 (Chrono Boost)  
  79  5:34  Probe (Chrono Boost)  
  81  5:41  Probe x3 (Chrono Boost)  
  84  5:46  Probe  
  84  5:48  Probe  
  86  5:51  Stalker x2  
  86  5:52  Probe  
  86  5:54  Pylon  
  91  5:58  Probe  
  91  6:00  Probe  
  91  6:02  Pylon  
  91  6:03  Pylon  
  92  6:05  Probe, Robotics Facility  
  92  6:06  Assimilator  
  92  6:10  Assimilator  
  93  6:12  Probe  
  93  6:14  Nexus  
  94  6:22  Stalker x2  
  98  6:26  Templar Archives  
  98  6:27  Gateway  
  98  6:28  Probe  
  99  6:33  Probe, Gateway  
  100  6:41  Pylon  
  100  6:43  Gateway  
  100  6:45  Probe  
  100  6:46  Probe, Gateway  
  102  6:51  Probe  
  103  6:59  Stalker  
  103  7:00  Stalker  
  103  7:03  Probe  
  103  7:05  Probe  
  103  7:06  Psionic Storm, Probe  
  99  7:10  Observer (Chrono Boost), Shield Battery  
  101  7:15  Probe  
  101  7:17  Probe  
  101  7:19  Gateway  
  101  7:20  Gateway  
  101  7:21  Shield Battery  
  102  7:22  Stalker  
  102  7:24  Stalker  
  102  7:26  Stalker  
  108  7:30  Probe  
  108  7:31  Pylon  
  108  7:32  Probe  
  108  7:34  Probe (Chrono Boost), High Templar  
  113  7:37  Observer  
  113  7:40  High Templar  
  113  7:42  Probe (Chrono Boost)  
  117  7:45  Protoss Ground Weapons Level 2  
  117  7:48  Probe (Chrono Boost)  
  117  7:49  Charge  
  117  7:50  Probe (Chrono Boost)  
  120  7:52  Probe (Chrono Boost)  
  120  7:53  Probe (Chrono Boost), Photon Cannon  
  121  7:59  Assimilator  
  121  8:01  Assimilator  
  121  8:02  Zealot x2  
  121  8:03  Zealot x2  
  121  8:05  Probe (Chrono Boost)  
  130  8:06  Observer  
  130  8:09  Probe, High Templar  
  134  8:13  Probe x2  
  134  8:16  High Templar  
  138  8:21  High Templar x2  
  138  8:24  Pylon  
  138  8:25  Pylon  
  138  8:26  Probe  
  143  8:28  Pylon  
  143  8:30  Warp Prism (Chrono Boost)  
  143  8:32  Zealot  
  143  8:33  Gateway  
  147  8:34  Observer  
  147  8:36  Gateway  
  147  8:39  Pylon  
  147  8:41  Pylon  
  147  8:42  Photon Cannon  
  147  8:49  Stalker x5  
  155  8:57  Stalker x3  
  155  8:59  Pylon  
  161  9:14  Observer  
  162  9:17  Fleet Beacon  
  162  9:23  Stargate  
  162  9:24  Stargate, Stalker x5  
  172  9:32  High Templar x2  
  176  9:44  Photon Cannon  
  176  9:45  Shield Battery  
  176  9:49  Stargate  
  176  9:52  Photon Cannon  
  176  9:53  Photon Cannon  
  176  9:56  Protoss Air Weapons Level 1  
  174  10:08  Zealot x5  
  174  10:09  Zealot x4  
  174  10:13  Carrier (Chrono Boost)  
  192  10:17  Pylon  
  192  10:19  Photon Cannon  
  192  10:27  Protoss Ground Weapons Level 3  
  192  10:32  Carrier (Chrono Boost)  
  198  10:39  Nexus  
  198  10:42  High Templar  
  190  10:50  Pylon  
  190  10:52  Zealot x5  
  190  10:53  Pylon  
  192  11:00  Carrier (Chrono Boost)  
  198  11:10  Carrier (Chrono Boost)  
  198  11:12  Dark Shrine  
  194  11:27  Stalker x3  
  159  11:42  Stalker x5  
  159  11:46  Carrier (Chrono Boost)  
  158  11:54  Stalker x3  
  158  11:55  Stalker x2  
  158  11:56  Carrier (Chrono Boost)  
  174  12:03  Probe  
  174  12:06  Probe  
  174  12:08  Probe  
  177  12:15  Immortal (Chrono Boost)  
  181  12:22  Robotics Facility  
  181  12:28  Carrier (Chrono Boost)  
  181  12:32  Zealot  
  181  12:34  Zealot  
  191  12:37  Protoss Air Weapons Level 2 (Chrono Boost)  
  197  12:53  Carrier (Chrono Boost)  
  197  12:56  Immortal  
  198  13:22  Photon Cannon  
  198  13:24  Photon Cannon  
  198  13:25  Pylon  
  195  13:43  Dark Templar x2  
  198  13:51  Immortal  
  198  13:54  Probe  
  190  13:58  Zealot x3  
  196  14:03  Nexus  
  196  14:04  Pylon  
  196  14:06  Pylon  
  196  14:09  High Templar x2  
  200  14:11  Pylon  
  200  14:17  Photon Cannon  
  200  14:20  Photon Cannon  
  200  14:21  Shield Battery  
  199  14:29  Shield Battery  
  199  14:35  Photon Cannon  
  199  14:37  Photon Cannon  
  199  14:38  Photon Cannon  
  197  14:39  Photon Cannon  
  197  14:41  Photon Cannon  
  197  14:42  Photon Cannon  
  197  14:44  Pylon  
  197  14:49  Archon  
  194  14:55  Nexus  
  194  14:56  Pylon  
  194  14:59  Pylon  
  194  15:06  Carrier  
  200  15:08  Shield Battery  
  200  15:09  Photon Cannon  
  200  15:14  Shield Battery  
  200  15:16  Photon Cannon  
  200  15:17  Photon Cannon  
  200  15:19  Photon Cannon  
  196  15:27  Stalker x3  
  196  15:28  Stalker x7  
  162  15:42  Carrier x2  
  154  15:53  High Templar x7  
  168  16:03  Photon Cannon  
  168  16:10  High Templar x2  
  168  16:15  Archon  
  169  16:18  Carrier  
  169  16:20  Shield Battery  
  169  16:27  Zealot x2  
  169  16:28  Probe  
  161  16:40  Probe  
  161  16:43  Probe  
  161  16:45  Dark Templar x3  
  169  16:50  Pylon  
  169  16:57  Observer, Assimilator  
  169  17:02  High Templar x2  
  171  17:08  High Templar x2  
  171  17:09  High Templar x2, Assimilator  
  171  17:13  Archon x2  
  173  17:36  Archon  
  157  17:38  Stalker x2  
  157  17:39  Stalker x3  
  140  17:52  Carrier x2  
  152  18:00  High Templar  
  152  18:05  Photon Cannon x2  
  154  18:08  High Templar x2  
  158  18:15  Archon  
  158  18:18  High Templar  
  158  18:19  Pylon  
  160  18:23  Immortal (Chrono Boost)  
  160  18:25  Pylon  
  164  18:48  Shield Battery  
  162  18:52  High Templar x2  
  162  18:54  Nexus  
  166  18:56  Pylon  
  166  19:00  Archon  
  164  19:09  Immortal  
  165  19:13  Carrier  
  169  19:21  Photon Cannon  
  169  19:36  Carrier  
  169  19:56  Carrier  
  175  20:02  Shield Battery  
  175  20:11  Shield Battery  
  175  20:17  Photon Cannon  
  175  20:19  Assimilator  
  175  20:21  Assimilator  
  175  20:41  Carrier  
  181  21:32  Zealot x7, Void Ray  
  196  21:47  Oracle  
  199  22:11  Photon Cannon  
  199  22:13  Pylon  
  199  22:28  Carrier  
  195  22:39  Carrier  
  194  22:52  Zealot x3  
  197  23:20  High Templar  
  197  23:23  Photon Cannon  
  197  23:24  Photon Cannon  
  197  23:26  Photon Cannon  
  199  23:28  Pylon  
  187  23:46  Mothership  
  189  23:51  Cybernetics Core, Oracle  
  189  23:54  Dark Templar x3  
  192  24:06  Photon Cannon  
  192  24:08  Oracle x2  
  192  24:09  Photon Cannon  
  195  24:29  Oracle  
  198  24:32  Dark Templar  
  200  24:51  Photon Cannon  
  200  24:52  Photon Cannon  
  200  24:53  Shield Battery  
  200  24:54  Nexus  
  200  24:55  Pylon, Shield Battery  
  200  24:56  Photon Cannon, Assimilator  
  200  25:01  Pylon  
  200  25:05  Protoss Air Weapons Level 3 (Chrono Boost)  
  149  25:42  Stalker x8  
  78  26:15  Stalker x7  
  64  26:38  Dark Templar  
  66  26:48  Stalker x5  
  66  26:49  Stalker  
  76  27:17  Stalker x2  
  86  27:57  Stalker x4  
  88  28:26  Stalker x2  
  88  28:27  Stalker x2  
  96  28:49  Twilight Council, Stalker x2  
  96  28:50  Stalker x2  
  96  28:55  Gateway  
  104  29:02  Mothership (Chrono Boost)  
  112  29:14  Observer  
  110  29:18  Observer  
  110  29:30  Dark Templar x3  
  113  29:45  Observer  
  113  29:53  Carrier (Chrono Boost)  
  119  30:00  Oracle (Chrono Boost)  
  122  30:33  Nexus  
  121  30:36  Templar Archives  
  121  30:37  Pylon  
  121  30:41  Carrier  
  125  31:04  Carrier  
  130  31:38  High Templar  
  132  31:41  High Templar  
  134  31:57  Pylon  
  140  32:16  Shield Battery  
  140  32:24  Nexus  
  140  32:36  High Templar  
  134  33:13  Gateway  
  134  33:16  Gateway  
  134  33:17  Pylon  
  134  33:19  Pylon x2  
  134  33:33  Shield Battery  
  134  33:42  Assimilator  
  134  33:46  Pylon  
  134  33:47  Pylon  
  134  34:04  Forge  
  134  34:07  High Templar, Gateway  
  134  34:09  Gateway  
  136  34:16  Stargate  
  136  34:25  Stargate  
  136  34:32  Nexus, Pylon  
  136  34:48  Pylon  
  136  34:51  Pylon  
  136  34:53  Pylon  
  136  35:03  Photon Cannon  
  136  35:05  Pylon  
  136  35:11  Pylon  
  136  35:12  Pylon  
  136  35:15  Fleet Beacon  
  136  35:24  Assimilator  
  136  35:28  High Templar x2  
  136  35:29  Assimilator  
  136  35:33  Shield Battery  
  136  35:35  Photon Cannon  
  140  35:44  Protoss Shields Level 1 (Chrono Boost)  
  140  35:46  Oracle  
  143  36:16  Photon Cannon  
  143  36:18  Probe, Photon Cannon, Carrier (Chrono Boost)  
  144  36:19  Photon Cannon  
  144  36:21  Probe  
  144  36:22  Shield Battery  
  151  36:30  Probe  
  152  36:33  Probe  
  152  36:35  Photon Cannon x2  
  153  36:45  Probe (Chrono Boost)  
  153  36:46  Probe (Chrono Boost)  
  156  36:50  Probe (Chrono Boost)  
  156  36:57  Probe (Chrono Boost)  
  161  37:33  Carrier (Chrono Boost)  
  141  37:53  Pylon  
  141  37:55  Pylon  
  141  37:58  Photon Cannon  
  141  38:00  Photon Cannon  
  141  38:02  Photon Cannon  
  141  38:05  Photon Cannon  
  141  38:06  Pylon  
  141  38:12  Pylon  
  141  38:18  Pylon  
  141  38:20  Pylon  
  141  38:21  Carrier (Chrono Boost)  
  141  38:23  Stargate  
  147  38:30  Protoss Shields Level 2  
  147  38:31  Pylon  
  147  38:34  Probe x2  
  149  38:46  Probe  
  150  38:53  Carrier (Chrono Boost)  
  156  39:03  Shield Battery  
  156  39:05  Photon Cannon, Shield Battery  
  161  39:17  Pylon  
  161  39:18  Pylon, Tempest (Chrono Boost)  
  161  39:21  Shield Battery  
  161  39:28  Gateway  
  161  39:31  Tempest (Chrono Boost)  
  161  39:32  Photon Cannon  
  161  39:34  Pylon  
  161  39:36  Pylon  
  171  40:36  Oracle  
  171  40:41  Carrier (Chrono Boost)  
  168  41:08  Tempest (Chrono Boost)  
  168  41:13  Pylon  
  168  41:14  Pylon  
  168  41:16  Pylon  
  173  41:18  Pylon  
  173  41:20  Pylon  
  173  41:30  Unknown  
  173  41:36  Protoss Shields Level 3 (Chrono Boost)  
  173  41:50  Photon Cannon  
  173  41:54  Pylon, Photon Cannon  
  173  41:55  Photon Cannon  
  173  41:56  Pylon, Photon Cannon  
  173  41:59  Pylon, Shield Battery  
  173  42:02  Pylon  
  173  42:03  Pylon  
  173  42:04  Photon Cannon  
  173  42:06  Nexus  
  173  42:13  Tempest  
  173  42:15  Tempest  
  183  42:31  Pylon  
  183  42:51  Shield Battery  
  183  42:54  Photon Cannon  
  183  42:56  Protoss Air Armor Level 1  
  183  42:58  Photon Cannon x2  
  183  43:00  Nexus  
  182  43:13  Tempest  
  187  43:21  Photon Cannon  
  187  43:33  Carrier  
  193  43:37  Photon Cannon x2  
  193  43:40  Pylon  
  193  44:10  Shield Battery  
  193  44:13  Photon Cannon  
  193  44:15  Photon Cannon  
  193  44:21  Nexus  
  193  44:33  Shield Battery  
  193  44:36  Carrier (Chrono Boost)  
  185  45:00  Carrier x2 (Chrono Boost)  
  183  45:52  Protoss Air Armor Level 2  
  183  46:04  Nexus  
  183  46:07  Photon Cannon x2  
  183  47:14  Carrier  
  189  47:16  Carrier  
  195  47:29  Carrier  
  187  49:00  Carrier (Chrono Boost)  
  195  49:09  Carrier (Chrono Boost)  
  180  49:34  Carrier (Chrono Boost)  
  183  50:31  Oracle x2  
  183  51:14  Zealot x4  
  183  51:15  Zealot  
  179  61:32  Shield Battery  
Tags
 
Add a new tag
Caveats
  • Supply blocks, unpowered buildings, or Contaminate may cause inaccurate times.
  • Supply counts are checked every 10 seconds.